Map: Bel'Shir Vestige LE (Void)

Players

FRxTIMBA

  • Race: Terran Terran
  • League: Master
  • Spawn Location: 11:00

Adnap - Winner!

  • Race: Terran Terran
  • League: Master
  • Spawn Location: 5:00

VOD

Have the link to the VOD?

Description

Macro game marine tank

Time

  • Played on: Feb. 5, 2017, 8:25 a.m.
  • Length: 15:14
Show
View Real Time Build Order
Export as new Build Order

FRxTIMBA Terran 

Build Orders: Cyclone Opening, Reaper Expand 

Get SALT Encoding   

  12  0:00  SCV  
  13  0:13  SCV  
  14  0:17  Supply Depot  
  14  0:25  SCV  
  15  0:31  Refinery  
  15  0:39  SCV  
  16  0:45  Barracks  
  16  0:51  SCV  
  17  1:03  SCV  
  18  1:15  SCV  
  19  1:32  Reaper  
  20  1:33  Orbital Command  
  20  1:52  Command Center  
  20  2:07  Reaper, SCV  
  21  2:13  Factory  
  21  2:20  SCV  
  22  2:23  Refinery  
  22  2:32  SCV  
  22  2:34  Supply Depot  
  23  2:39  Barracks Reactor  
  23  2:56  SCV  
  24  2:59  Cyclone  
  27  3:06  Orbital Command  
  27  3:10  SCV  
  28  3:16  Marine x2, Barracks  
  28  3:18  Starport  
  30  3:22  SCV  
  31  3:33  SCV  
  32  3:34  SCV  
  32  3:35  Marine x2  
  35  3:45  SCV  
  36  3:49  SCV  
  36  3:54  Orbital Command, Marine, Cyclone  
  36  3:55  Marine  
  42  3:56  Starport Tech Lab  
  42  4:05  SCV  
  42  4:06  Barracks Tech Lab  
  43  4:11  Supply Depot  
  42  4:17  SCV  
  42  4:22  SCV  
  44  4:29  Raven  
  46  4:33  Marine x3, SCV  
  46  4:35  SCV  
  51  4:41  Supply Depot  
  51  4:45  SCV  
  52  4:46  Factory Reactor  
  52  4:47  SCV  
  53  4:57  SCV  
  54  5:00  Stimpack  
  54  5:02  Marine x3  
  54  5:06  SCV  
  58  5:08  Supply Depot  
  58  5:13  SCV  
  59  5:15  Refinery  
  59  5:20  Marine x2  
  62  5:21  SCV  
  62  5:29  Marine, SCV  
  62  5:31  Supply Depot  
  62  5:34  SCV, Supply Depot  
  65  5:36  Command Center  
  65  5:41  SCV  
  65  5:42  Marine x2  
  68  5:45  Medivac  
  70  5:52  SCV, Siege Tank  
  70  5:54  SCV, Supply Depot  
  70  5:55  Marine  
  76  5:59  Supply Depot  
  76  6:00  Marine  
  77  6:04  SCV  
  77  6:06  SCV  
  77  6:08  Marine  
  80  6:13  Marine  
  80  6:16  SCV  
  80  6:18  SCV  
  83  6:20  Marine  
  83  6:22  Viking x2  
  83  6:24  Siege Tank  
  89  6:26  Marine  
  89  6:30  Marine, Supply Depot  
  91  6:37  Engineering Bay  
  91  6:38  Marine, SCV, Engineering Bay  
  93  6:40  Armory  
  93  6:44  Marine  
  93  6:46  SCV  
  95  6:49  Orbital Command  
  95  6:51  Refinery  
  95  6:52  Marine, SCV  
  97  6:56  Marine, Siege Tank  
  101  7:01  Marine  
  101  7:02  SCV  
  101  7:07  Terran Infantry Weapons Level 1  
  101  7:08  Terran Infantry Armor Level 1  
  103  7:11  SCV  
  104  7:18  SCV  
  104  7:19  Orbital Command  
  105  7:25  SCV  
  105  7:26  Marine x3  
  105  7:27  Viking x2  
  113  7:38  Siege Tank  
  113  7:41  SCV  
  113  7:43  Marine  
  113  7:44  Marine x2  
  120  7:51  Terran Vehicle Weapons Level 1  
  120  7:52  Supply Depot  
  120  7:57  Sensor Tower  
  120  8:01  Marine, SCV x2  
  120  8:02  Missile Turret, SCV  
  120  8:03  Marine x2  
  124  8:07  Medivac  
  126  8:14  SCV  
  126  8:15  SCV x2  
  126  8:17  Refinery  
  129  8:21  Sensor Tower  
  129  8:23  Marine, Missile Turret  
  129  8:24  Marine x2  
  131  8:32  Supply Depot x2  
  131  8:36  Siege Tank, Barracks  
  131  8:37  Barracks  
  134  8:41  Marine  
  135  8:57  Marine x2  
  137  9:02  Marine  
  137  9:04  Viking x2  
  137  9:08  Terran Infantry Weapons Level 2  
  137  9:09  Supply Depot  
  142  9:10  Supply Depot  
  142  9:15  Marine x2  
  144  9:19  Siege Tank  
  144  9:20  Marine, SCV  
  149  9:27  Barracks Reactor x2  
  149  9:31  Barracks  
  149  9:33  Marine  
  111  9:54  Marine x3  
  111  9:55  Siege Tank  
  111  9:56  Viking x2  
  118  10:04  Terran Infantry Armor Level 2  
  118  10:06  Terran Vehicle Weapons Level 2  
  118  10:12  Marine x2  
  118  10:13  Refinery  
  119  10:14  Command Center  
  119  10:18  Marine x4  
  119  10:19  Marine  
  119  10:20  Barracks Reactor  
  124  10:22  Barracks  
  124  10:24  Barracks  
  124  10:27  Factory  
  124  10:29  Factory  
  124  10:30  Marine x2  
  124  10:31  Supply Depot  
  126  10:35  Marine  
  125  10:43  Marine  
  125  10:44  Marine x2, Siege Tank  
  129  11:02  Missile Turret  
  127  11:11  Marine  
  127  11:12  Marine x4  
  127  11:13  Factory Tech Lab  
  127  11:14  Factory Tech Lab  
  132  11:22  Starport, Missile Turret  
  132  11:23  Starport  
  132  11:24  Starport  
  95  11:26  Siege Tank  
  95  11:27  Marine x2  
  95  11:29  Marine x2  
  99  11:49  Marine x2, Missile Turret  
  99  11:50  Marine x4  
  99  11:52  Siege Tank  
  108  12:02  Supply Depot  
  108  12:05  Sensor Tower  
  108  12:06  Missile Turret  
  108  12:08  Missile Turret  
  107  12:11  Marine x6  
  107  12:13  Missile Turret  
  110  12:16  Marine  
  109  12:23  Siege Tank  
  109  12:27  Barracks Reactor x2  
  109  12:28  Marine  
  109  12:29  Marine x2  
  115  12:31  Siege Tank x2  
  119  12:43  Starport Tech Lab  
  119  12:44  Starport Tech Lab x2  
  114  12:58  Marine x3  
  117  13:04  Command Center  
  117  13:05  Marine x3  
  120  13:07  Siege Tank  
  119  13:20  Marine x3  
  122  13:28  Marine x2  
  122  13:29  Marine x2  
  122  13:34  Marine  
  123  13:50  Marine  
  121  13:58  Marine  
  121  14:00  Siege Tank  
  105  14:15  Marine  
  105  14:16  Siege Tank  
  102  14:27  Marine  
  102  14:28  Marine x11  
  111  14:32  Marine  
  112  14:45  Marine  
  109  14:49  Marine x3  
Show
View Real Time Build Order
Export as new Build Order

Adnap Terran - Winner!

Build Orders: Reaper Expand, Bio Tank 

Get SALT Encoding   

  12  0:01  SCV  
  13  0:13  SCV  
  14  0:18  Supply Depot  
  14  0:25  SCV  
  15  0:39  SCV  
  15  0:42  Barracks  
  16  0:45  Refinery  
  16  0:52  SCV  
  17  1:04  SCV  
  18  1:16  SCV  
  19  1:30  Reaper  
  20  1:37  Orbital Command  
  20  1:45  Command Center  
  20  1:52  Refinery  
  20  2:03  Reaper  
  20  2:05  Supply Depot  
  20  2:11  SCV  
  21  2:26  SCV  
  21  2:29  Factory  
  22  2:37  Barracks Reactor  
  22  2:38  SCV  
  23  2:50  SCV  
  24  2:58  Orbital Command  
  24  3:02  SCV  
  25  3:14  Cyclone, SCV  
  25  3:19  Starport  
  29  3:21  Marine  
  29  3:22  Marine  
  29  3:23  SCV  
  32  3:28  SCV  
  33  3:38  SCV  
  33  3:44  Marine x2  
  33  3:48  Cyclone  
  38  3:50  SCV  
  38  3:51  SCV  
  40  3:57  Command Center  
  40  4:05  Viking  
  42  4:13  SCV  
  43  4:20  SCV  
  43  4:23  Factory Tech Lab  
  43  4:24  Marine x2  
  46  4:32  Supply Depot x2  
  46  4:35  SCV  
  47  4:42  Siege Tank  
  47  4:43  Marine x2  
  51  4:46  Viking  
  51  4:47  SCV  
  54  4:53  SCV  
  55  5:03  SCV  
  55  5:05  SCV  
  57  5:12  Orbital Command  
  57  5:14  Siege Tank  
  57  5:15  SCV  
  57  5:18  SCV  
  57  5:19  Starport Tech Lab  
  62  5:25  Barracks  
  62  5:27  SCV  
  63  5:29  Barracks Tech Lab, Engineering Bay  
  63  5:30  SCV  
  63  5:31  Engineering Bay  
  63  5:33  Refinery x2  
  64  5:39  SCV  
  64  5:41  Raven  
  67  5:45  SCV  
  67  5:46  SCV, Barracks  
  69  5:54  Stimpack, Marine  
  70  5:58  SCV  
  70  6:00  SCV x2  
  70  6:01  Supply Depot x2  
  71  6:12  Marine, SCV  
  71  6:13  SCV  
  74  6:21  Marine x2  
  74  6:24  Terran Infantry Weapons Level 1, Terran Infantry Armor Level 1  
  77  6:25  SCV  
  77  6:28  Siege Tank  
  77  6:30  Marine  
  77  6:31  SCV  
  83  6:37  SCV  
  83  6:39  Starport Reactor  
  84  6:43  SCV  
  84  6:49  SCV  
  84  6:51  Marine x4, Combat Shields  
  89  6:55  SCV  
  89  6:57  Barracks  
  89  6:58  Barracks  
  89  7:00  Missile Turret  
  90  7:02  Missile Turret  
  90  7:05  Missile Turret, Siege Tank  
  93  7:09  Marine x2, SCV x2  
  97  7:16  Orbital Command  
  97  7:20  Sensor Tower, Marine x2  
  99  7:23  Medivac  
  101  7:34  Armory  
  101  7:36  Supply Depot  
  101  7:46  Barracks Reactor x2  
  101  7:52  Sensor Tower  
  101  7:54  Supply Depot  
  101  7:56  Supply Depot  
  101  7:57  Supply Depot  
  101  7:58  Medivac, SCV x3  
  106  8:08  Marine x2  
  106  8:09  Marine, Supply Depot  
  109  8:15  Medivac, SCV x3, Siege Tank  
  109  8:17  Marine  
  118  8:26  Marine x3  
  121  8:27  SCV  
  121  8:28  Medivac  
  121  8:29  Marine x3  
  121  8:30  Marine  
  128  8:35  Terran Infantry Weapons Level 2, Marine  
  129  8:42  SCV  
  129  8:44  Marine x2, SCV x2  
  133  8:52  Marine  
  133  8:53  Marine x5  
  133  8:54  Terran Infantry Armor Level 2  
  138  8:56  Terran Vehicle Weapons Level 1  
  138  8:57  SCV x2  
  138  9:01  SCV  
  141  9:03  Refinery  
  141  9:04  Supply Depot, Refinery  
  141  9:05  Supply Depot x2  
  141  9:09  SCV  
  140  9:17  Marine  
  141  9:26  Marine x7, Siege Tank  
  141  9:30  SCV  
  141  9:31  SCV x2  
  153  9:35  Marine  
  153  9:36  Command Center  
  154  9:44  Marine x2  
  154  9:49  Marine  
  154  9:51  Marine x3  
  129  9:57  Marine x2  
  129  9:58  Siege Tank  
  129  9:59  Medivac x2  
  138  10:01  Marine x2  
  138  10:06  Marine  
  140  10:09  Factory  
  140  10:11  Marine x2  
  140  10:13  Barracks  
  142  10:15  Barracks x2  
  142  10:18  Marine x3  
  142  10:20  Missile Turret  
  145  10:21  Missile Turret  
  145  10:22  Missile Turret  
  145  10:29  Medivac  
  145  10:30  Siege Tank  
  149  10:43  Marine x4  
  149  10:44  Marine  
  152  10:59  Marine x4  
  152  11:02  Siege Tank  
  159  11:10  Marine x2  
  161  11:13  Marine  
  151  11:29  Marine  
  151  11:30  Marine x2, Barracks Reactor  
  151  11:31  Barracks Reactor x2  
  151  11:32  Factory Tech Lab  
  154  11:33  Medivac x2  
  154  11:35  Siege Tank  
  154  11:36  Planetary Fortress  
  154  11:37  Marine  
  162  11:43  Missile Turret  
  162  11:45  Missile Turret  
  162  11:49  Marine x2  
  162  11:53  Marine x3  
  162  11:54  Marine, Siege Tank  
  168  11:58  Marine x2  
  168  11:59  Missile Turret  
  168  12:01  Supply Depot  
  173  12:02  Terran Infantry Weapons Level 3, Terran Infantry Armor Level 3, Supply Depot  
  173  12:03  Medivac x2  
  173  12:04  Terran Vehicle Weapons Level 2  
  174  12:17  Marine  
  174  12:22  Marine  
  174  12:23  Marine x12  
  174  12:24  Command Center  
  187  12:35  Marine, Supply Depot  
  187  12:40  Marine  
  188  12:52  Supply Depot  
  188  12:53  Supply Depot  
  188  12:56  Marine x2  
  188  12:57  Missile Turret, Siege Tank x2  
  196  13:08  Marine  
  196  13:10  Marine  
  196  13:12  Marine  
  195  13:29  Siege Tank  
  195  13:30  Sensor Tower  
  190  13:43  Missile Turret  
  190  13:44  Planetary Fortress  
  190  13:47  Missile Turret  
  184  13:49  Siege Tank  
  184  13:51  Missile Turret  
  186  14:01  Siege Tank  
  186  14:02  Marine  
  188  14:11  Marine  
  188  14:13  Marine  
  188  14:14  Marine x8  
  193  14:21  Siege Tank  
  195  14:33  Siege Tank  
  198  14:50  Marine  
Tags
 
Add a new tag
Caveats
  • Supply blocks, unpowered buildings, or Contaminate may cause inaccurate times.
  • Supply counts are checked every 10 seconds.